 Dungeon Crawl Stone Soup version 0.29-a0-283-ga02f740833 (webtiles) character file.

Game seed: 7507855174760767578

722 Dabor the Ducker (level 7, -2/53 HPs)
             Began as a Gnoll Wanderer on Mar 13, 2022.
             Was a Plaything of Xom.
             Slain by a gnoll
             ... wielding a +0 halberd
              (7 damage)
             ... on level 4 of the Dungeon.
             The game lasted 00:10:12 (4825 turns).

Dabor the Ducker (Gnoll Wanderer)                   Turns: 4825, Time: 00:10:13

Health: -2/53      AC:  4    Str: 12    XL:     7   Next: 71%
Magic:  11/11      EV: 16    Int: 10    God:    Xom [..*...]
Gold:   157        SH:  8    Dex: 22    Spells: 11/11 levels left

rFire   . . .      SeeInvis .   r - +2 war axe (vorpal)
rCold   + . .      Faith    .   l - +2 buckler {reflect}
rNeg    . . .      Spirit   .   e - +0 leather armour
rPois   .          Reflect  +   (no helmet)
rElec   .          Harm     .   q - +0 cloak
rCorr   .          Rampage  .   (no gloves)
Will    .....                   (no boots)
Stlth   ++........              m - amulet of the acrobat
HPRegen 0.17/turn               n - +6 ring of dexterity
MPRegen 0.12/turn               g - ring of protection from cold

@: no status effects
A: fangs 1, strong nose, distributed training, clever 1, screaming 1
a: Renounce Religion


You were on level 4 of the Dungeon.
You worshipped Xom.
You were a toy of Xom.
You visited 1 branch of the dungeon, and saw 4 of its levels.

You collected 157 gold pieces.

Inventory:

Hand Weapons
 a - a +0 hand axe
 d - a +3 hunting sling
 r - a +2 vorpal war axe (weapon)
Missiles
 h - 7 poisoned darts
 p - 4 javelins
 u - 2 boomerangs (quivered)
 v - a throwing net
Armour
 e - a +0 leather armour (worn)
 l - a +2 buckler of reflection (worn)
 q - a +0 cloak (worn)
Jewellery
 f - a ring of magical power
 g - a ring of protection from cold (right hand)
 m - an amulet of the acrobat (around neck)
 n - a +6 ring of dexterity (left hand)
 s - an amulet of magic regeneration
 t - a ring of wizardry
Scrolls
 k - a scroll of teleportation
 o - 2 scrolls of identify
Potions
 b - a potion of brilliance {unknown}
Miscellaneous
 c - a piece from Xom's chessboard (15/15)


   Skills:
 + Level 3.7 Fighting
 + Level 2.6 Short Blades
 + Level 2.6 Long Blades
 + Level 5.3 Axes
 + Level 2.6 Maces & Flails
 + Level 2.6 Polearms
 + Level 2.6 Staves
 + Level 2.6 Slings
 + Level 2.6 Bows
 + Level 2.6 Crossbows
 + Level 2.6 Throwing
 + Level 2.6 Armour
 + Level 7.1 Dodging
 + Level 2.6 Stealth
 + Level 5.3 Shields
 + Level 2.6 Unarmed Combat
 + Level 2.6 Spellcasting
 + Level 2.1 Conjurations
 + Level 2.1 Hexes
 + Level 2.1 Summonings
 + Level 2.1 Necromancy
 + Level 2.1 Translocations
 + Level 2.1 Transmutations
 + Level 2.1 Fire Magic
 + Level 2.1 Ice Magic
 + Level 2.1 Air Magic
 + Level 2.1 Earth Magic
 + Level 2.1 Poison Magic
 + Level 3.0 Invocations
 + Level 5.3 Evocations


You had 11 spell levels left.
You didn't know any spells.
Your spell library contained the following spells:

 Spells                   Type           Power      Damage    Failure   Level
 Beastly Appendage        Tmut           10%        N/A       21%         1
 Sandblast                Erth           10%        2d5       21%         1
 Passwall                 Tmut/Erth      4%         N/A       30%         2
 Wereblood                Tmut           5%         N/A       30%         2
 Call Canine Familiar     Summ           5%         N/A       52%         3
 Portal Projectile        Hex/Tloc       10%        N/A       52%         3
 Spider Form              Tmut/Pois      5%         N/A       52%         3
 Stone Arrow              Conj/Erth      10%        3d7       52%         3
 Leda's Liquefaction      Hex/Erth       2%         N/A       89%         4


Dungeon Overview and Level Annotations

Branches:
Dungeon (4/15)
 Temple: D:4-7

Altars:
Wu Jian
Xom
Zin


Innate Abilities, Weirdness & Mutations

You have very sharp teeth.
Your uncanny sense of smell can sniff out nearby items.
Your experience applies equally to all skills.
Your mind is acute. (Int +2)
You occasionally shout uncontrollably at your foes.


Message History

Throw: 2 boomerangs
Press: ? - help, Q - select action, (/) - cycle Shift-Dir - straight line, f - orc, p - gnoll
Aim: an orc, wielding a +0 flail and wearing a +0 robe (65% to hit)
You throw a boomerang. The boomerang hits the orc.
The orc is severely wounded.
Throw: 2 boomerangs
Press: ? - help, Q - select action, (/) - cycle Shift-Dir - straight line, f - gnoll, p - orc
Aim: a gnoll, wielding a +0 halberd (lightly wounded, 69% to hit)
You throw a boomerang.
The boomerang hits the gnoll but does no damage.
The gnoll is lightly wounded.
Throw: 2 boomerangs
Press: ? - help, Q - select action, (/) - cycle Shift-Dir - straight line, f/p - gnoll
Aim: a gnoll, wielding a +0 halberd (lightly wounded, 69% to hit)
You throw a boomerang. The boomerang hits the gnoll.
The gnoll is moderately wounded.
The gnoll closely misses you.
Throw: 2 boomerangs
Press: ? - help, Q - select action, (/) - cycle Shift-Dir - straight line, f/p - gnoll
Aim: a gnoll, wielding a +0 halberd (moderately wounded, 69% to hit)
You throw a boomerang. The boomerang hits the gnoll!
The gnoll is almost dead.
The gnoll hits you from afar with a +0 halberd!
You hit the orc.
You kill the orc!
You block the gnoll's attack. You block the gnoll's attack.
Items here: $ ))) [ †.
You barely miss the gnoll.
The gnoll is almost dead.
The gnoll hits you with a +0 halberd!
* * * LOW HITPOINT WARNING * * *
Xom is amused.
You completely miss the gnoll.
The gnoll is almost dead.
The gnoll completely misses you.
You barely miss the gnoll. You bite the gnoll.
The gnoll is almost dead.
The gnoll closely misses you. The gnoll hits you with a +0 halberd!
You die...

#g#....###)######
#.#..g.#$#)gog.... ∆
#.###+##$#g.g..... ∆
#g.....#$#........ ∆
#......#.+........
#.#########################
#)#).........)#....#.......
#['g........))'....).......
#[#...........#g@).#....... #o
))#############''''#############.
..#...........)..[..)..........#.
###≈≈≈≈≈≈)≈≈≈≈†....≈≈≈≈≈≈≈≈≈≈≈≈##
≈≈≈≈≈≈≈≈≈≈≈≈≈≈≈....≈≈≈≈≈≈≈≈≈≈≈≈≈≈
≈≈≈≈≈≈≈≈≈≈≈≈≈≈≈....≈≈≈≈≈≈≈≈≈≈≈≈≈≈
......).)........................
################.####.#........#.
#.......#########.


You could see a gnoll.

Vanquished Creatures
  A water moccasin (D:4)
  A gnoll sergeant (D:4)
  A scorpion (D:3)
  A howler monkey (D:4)
  A gnoll shaman (D:4)
  A hound (D:4)
  An iguana (D:3)
  2 orc wizards
  Natasha (twice) (D:3)
  Robin (D:3)
  4 adders
  11 gnolls (D:4)
  A worm (D:2)
  19 orcs
  3 ball pythons
  2 endoplasms
  3 giant cockroaches
  10 goblins
  7 hobgoblins
  21 jackals
  2 quokkas
  4 bats
  4 frilled lizards (D:1)
  6 kobolds
  5 rats
114 creatures vanquished.

Vanquished Creatures (others)
  An angel (D:3)
  A quokka (D:3)
  A demonic plant (D:1)
  A fungus (D:1)
  3 plants
7 creatures vanquished.

Grand Total: 121 creatures vanquished

Notes
Turn   | Place    | Note
-------+----------+-------------------------------------------
     0 | D:1      | Dabor the Gnoll Wanderer began the quest for the Orb.
     0 | D:1      | Dabor set off with the following items: a +0 hand axe, a +2
                  | buckler, a piece from Xom's chessboard (15/15), a scroll of
                  | fear, a +0 leather armour
     0 | D:1      | Reached XP level 1. HP: 17/17 MP: 1/1
   178 | D:1      | Reached XP level 2. HP: 22/23 MP: 2/2
   708 | D:1      | Found a faded altar of an unknown god.
   749 | D:1      | Reached XP level 3. HP: 23/28 MP: 3/3
  1012 | D:1      | Gained mutation: You occasionally shout uncontrollably at
                  | your foes. [potion of mutation]
  1012 | D:1      | Gained mutation: Your mind is acute. (Int +2) [potion of
                  | mutation]
  1129 | D:2      | Reached skill level 1 in Invocations
  1151 | D:2      | HP: 1/28 [kobold/+0 short sword (5)]
  1512 | D:2      | Reached skill level 1 in Short Blades
  1512 | D:2      | Reached skill level 1 in Long Blades
  1512 | D:2      | Reached skill level 1 in Maces & Flails
  1512 | D:2      | Reached skill level 1 in Polearms
  1512 | D:2      | Reached skill level 1 in Staves
  1512 | D:2      | Reached skill level 1 in Slings
  1512 | D:2      | Reached skill level 1 in Bows
  1512 | D:2      | Reached skill level 1 in Crossbows
  1512 | D:2      | Reached skill level 1 in Throwing
  1512 | D:2      | Reached skill level 1 in Armour
  1512 | D:2      | Reached skill level 1 in Stealth
  1512 | D:2      | Reached skill level 1 in Unarmed Combat
  1512 | D:2      | Reached skill level 1 in Spellcasting
  1825 | D:2      | Reached XP level 4. HP: 34/34 MP: 5/5
  2004 | D:3      | Noticed an angel
  2004 | D:3      | Found a glowing silver altar of Zin.
  2005 | D:3      | Found a shimmering altar of Xom.
  2022 | D:3      | Became a worshipper of Xom the Begetter of Discontinuities
  2049 | D:3      | Noticed Natasha
  2053 | D:3      | XOM: potion effect (invisibility)
  2062 | D:3      | Killed Natasha
  2111 | D:3      | XOM: divination: magic mapping
  2168 | D:3      | Killed an angel
  2194 | D:3      | Noticed Robin
  2196 | D:3      | Reached skill level 1 in Conjurations
  2196 | D:3      | Reached skill level 1 in Hexes
  2196 | D:3      | Reached skill level 1 in Summonings
  2196 | D:3      | Reached skill level 1 in Necromancy
  2196 | D:3      | Reached skill level 1 in Translocations
  2196 | D:3      | Reached skill level 1 in Transmutations
  2196 | D:3      | Reached skill level 1 in Fire Magic
  2196 | D:3      | Reached skill level 1 in Ice Magic
  2196 | D:3      | Reached skill level 1 in Air Magic
  2196 | D:3      | Reached skill level 1 in Earth Magic
  2196 | D:3      | Reached skill level 1 in Poison Magic
  2209 | D:3      | XOM: smoke on damage
  2373 | D:3      | XOM: divination: magic mapping
  2434 | D:3      | Killed Robin
  2630 | D:3      | XOM: silly message
  2673 | D:3      | Reached XP level 5. HP: 40/40 MP: 6/6
  2704 | D:3      | Noticed Natasha
  2706 | D:3      | XOM: potion effect (curing)
  2725 | D:3      | XOM: potion effect (curing)
  2726 | D:3      | XOM: potion effect (berserk rage)
  2733 | D:3      | Killed Natasha
  2959 | D:3      | Reached XP level 6. HP: 20/47 MP: 8/8
  3228 | D:3      | XOM: divination: detect creatures
  3378 | D:4      | Noticed a water moccasin
  3386 | D:4      | XOM: potion effect (brilliance)
  3394 | D:4      | Killed a water moccasin
  3395 | D:4      | Reached skill level 5 in Axes
  3395 | D:4      | Reached skill level 5 in Shields
  3395 | D:4      | Reached skill level 5 in Evocations
  3396 | D:4      | XOM: silly message
  3845 | D:4      | Found an ornate altar of the Wu Jian Council.
  3963 | D:4      | Reached XP level 7. HP: 38/52 MP: 10/10
  4116 | D:4      | Reached skill level 7 in Dodging
  4252 | D:4      | XOM: potion effect (haste)
  4689 | D:4      | XOM: silly message
  4825 | D:4      | Slain by a gnoll

Illustrated notes

Levels and vault maps discovered:
D:1:      dpeg_arrival_triangle_fractal, layout_basic,
          shapermc_ecumenical_altar_gd
D:2:      layout_basic
D:3:      layout_basic, grunt_temple_overflow_order_and_chaos_1, uniq_natasha,
          uniq_robin
D:4:      lemuel_castle_with_subvaults [lemuel_castle_interior_carwin_1],
          layout_loops_ring, mainiacjoe_overflow_chevrons, serial_shops, shop,
          minmay_splitting_lines

Skill      XL: |  1  2  3  4  5  6  7 |
---------------+----------------------+-----
Invocations    | 1 2 3 |  3.0
Short Blades   | 1 2 |  2.6
Long Blades    | 1 2 |  2.6
Maces & Flails | 1 2 |  2.6
Polearms       | 1 2 |  2.6
Staves         | 1 2 |  2.6
Slings         | 1 2 |  2.6
Bows           | 1 2 |  2.6
Crossbows      | 1 2 |  2.6
Throwing       | 1 2 |  2.6
Armour         | 1 2 |  2.6
Stealth        | 1 2 |  2.6
Unarmed Combat | 1 2 |  2.6
Spellcasting   | 1 2 |  2.6
Conjurations   | 1 2 |  2.1
Hexes          | 1 2 |  2.1
Summonings     | 1 2 |  2.1
Necromancy     | 1 2 |  2.1
Translocations | 1 2 |  2.1
Transmutations | 1 2 |  2.1
Fire Magic     | 1 2 |  2.1
Ice Magic      | 1 2 |  2.1
Air Magic      | 1 2 |  2.1
Earth Magic    | 1 2 |  2.1
Poison Magic   | 1 2 |  2.1
Fighting       | 3 |  3.7
Axes           | 5 |  5.3
Shields        | 5 |  5.3
Evocations     | 5 |  5.3
Dodging        | 7 |  7.1

Action                   |  1- 3 |  4- 6 |  7- 9 || total
-------------------------+-------+-------+-------++-------
Melee: Hand axe          |   125 |   125 |       ||   250
       Bite              |    12 |    13 |     6 ||    31
       War axe           |       |    38 |    79 ||   117
Throw: Dart              |       |     3 |     1 ||     4
       Boomerang         |       |       |    22 ||    22
Evoke: Piece from Xom's  |       |     7 |       ||     7
  Use: Scroll            |     3 |     1 |     3 ||     7
       Potion            |     1 |     3 |       ||     4
 Stab: Sleeping          |     1 |     1 |       ||     2
       Petrified         |       |     5 |       ||     5
       Invisible         |       |     1 |       ||     1
       Distracted        |       |       |     1 ||     1
Armor: Leather armour    |    23 |    18 |     7 ||    48
Dodge: Dodged            |    71 |   107 |    58 ||   236
Block: Buckler           |    43 |    47 |    49 ||   139
       Reflection        |       |     2 |       ||     2

Table legend: (Time is in decaauts)
 A = Elapsed time spent in this place.
 B = Non-inter-level travel time spent in this place.
 C = Inter-level travel time spent in this place.
 D = Time resting spent in this place.
 E = Time spent auto-exploring this place.
 F = Levels seen in this place.
 G = Mean time per level.
                   A        B        C        D        E       F      G
               +--------+--------+--------+--------+--------+-----+--------+
         Total |   4889 |   4803 |     86 |   1375 |   2319 |   4 | 1222.2 |
       Dungeon |   4889 |   4803 |     86 |   1375 |   2319 |   4 | 1222.2 |
               +--------+--------+--------+--------+--------+-----+--------+

Top non-repeatable levels by time:
     D:3: 1907 daAuts
     D:1: 1043 daAuts
     D:2: 975 daAuts
     D:4: 963 daAuts
